 Dungeon Sprint DCSS version 0.20-a0-1034-gb277f92 (webtiles) character file.

1800000 galech the Impregnable (level 14, -3/159 HPs)
             Began as a Deep Dwarf Fighter on Apr 21, 2017.
             Was a Follower of Makhleb.
             Killed from afar by a large bag of meat (17 damage)
             ... with an exploding inner flame
             ... in the Dungeon (Sprint VIII: "Arena of Blood").
             The game lasted 00:01:23 (18 turns).

galech the Impregnable (Deep Dwarf Fighter)           Turns: 18, Time: 00:01:23

Health: -3/159     AC: 12    Str: 24    XL:     14   Next: 27%
Magic:  14/14      EV: 10    Int: 10    God:    Makhleb [*.....]
Gold:   0          SH:  0    Dex: 12    Spells: 13/13 levels left

rFire    . . .     SeeInvis .   l - +∞ Axe of Woe
rCold    . . .     Gourm    .   (shield currently unavailable)
rNeg     + . .     Faith    .   b - +0 scale mail
rPois    .         Spirit   .   (no helmet)
rElec    .         Reflect  .   (no cloak)
rCorr    .         Harm     .   (no gloves)
MR       ++...     NoTele   +   (no boots)
Stlth    ..........             (no amulet)
Regen    0.0/turn               m - +30 ring of slaying
MPRegen  0.2/turn               (no ring)

@: non-regenerating
A: damage resistance, heal wounds, negative energy resistance 1, sense
surroundings 2, no regeneration
a: Heal Wounds, Renounce Religion


You were in the Dungeon.
You worshipped Makhleb.
Makhleb was aware of your devotion.
You were not hungry.

You visited 1 branch

Inventory:

Hand Weapons
 a - a +0 war axe
 l - the +∞ Axe of Woe (weapon)
   (You found it in the Dungeon)
Armour
 b - a +0 scale mail (worn)
 c - a +0 shield
Jewellery
 m - a +30 ring of slaying (left hand)
Scrolls
 k - a scroll of blinking
Potions
 d - a potion of might
 e - a potion of curing
 g - a potion of heal wounds
 h - a potion of haste
 i - 2 potions of magic
 j - a potion of berserk rage
Comestibles
 f - a bread ration


   Skills:
 + Level 19.6 Fighting
 + Level 13.9 Axes
 + Level 22.5 Armour
 + Level 22.1 Shields


You had 13 spell levels left.
You didn't know any spells.

Dungeon Overview and Level Annotations

Branches:
Dungeon (1/1)

Altars:
Makhleb


Innate Abilities, Weirdness & Mutations

You are resistant to damage.
You can heal yourself by infusing magical energy.
You resist negative energy. (rN+)
You passively map the area around you.
You do not regenerate.


Message History

Your Fighting skill increases to level 19!
Your Axes skill increases to level 13!
Your Armour skill increases to level 22!
Your Shields skill gained 2 levels and is now at level 22!
You have reached level 14!
You feel resistant to negative energy.
You hear a shout! x12
The bag of meat moves out of view.
You hear a shout! x2
The bag of meat moves out of view.
You hear a shout! x3
The large bag of meat hits you with a +9 giant spiked club!!!!
The large bag of meat hits you with a +9 giant spiked club!!!
* * * LOW HITPOINT WARNING * * *
A meat berserker comes into view. It is wielding a +9 battleaxe.
You dice the large bag of meat like an onion!!!
You hew the large bag of meat savagely.
The large bag of meat explodes!
The fiery explosion engulfs you!
You die...

, , , .....,,..
*, , ,, #...,, .#
,, , . ,,#...
,..# ,, ,
,,..###...
,..###. ,, , ,
......###...... *
, ,* ,
....._......, , ,
, #.....# ,,, , ,
#_.<._# ,,, * *,
, , #§@§..# , , ,
, .......§§......
, , ,
,.O....§###......
* ,..###...
,..###. , ,, ,.
#... ,..# , , ,
,, #..., .#, , ,
, , , , ..... ,..
,,, , , .... , *
, , , * ,


You could see a meat berserker (berserk).

Vanquished Creatures
  4 orcs (D)
4 creatures vanquished.

Notes
Turn   | Place    | Note
-------+----------+-------------------------------------------
     0 | D        | galech the Deep Dwarf Fighter began the quest for the Orb.
     0 | D        | Reached XP level 1. HP: 20/20 MP: 1/1
     2 | D        | Noticed a bag of meat
     6 | D        | Noticed a bag of meat
     8 | D        | Noticed a bag of meat
     9 | D        | Became a worshipper of Makhleb the Destroyer
    11 | D        | Killed a bag of meat
    11 | D        | Reached skill level 15 in Fighting
    11 | D        | Reached XP level 2. HP: 52/52 MP: 2/2
    11 | D        | Reached XP level 3. HP: 60/60 MP: 3/3
    11 | D        | Reached XP level 4. HP: 68/68 MP: 4/4
    11 | D        | Reached XP level 5. HP: 75/75 MP: 5/5
    11 | D        | Reached XP level 6. HP: 84/84 MP: 6/6
    11 | D        | Reached XP level 7. HP: 91/91 MP: 7/7
    11 | D        | Reached XP level 8. HP: 99/99 MP: 8/8
    11 | D        | Gained mutation: You passively map the area around you. [Deep Dwarf growth]
    11 | D        | Reached XP level 9. HP: 106/106 MP: 9/9
    11 | D        | Reached XP level 10. HP: 115/115 MP: 10/10
    11 | D        | Reached XP level 11. HP: 122/122 MP: 11/11
    12 | D        | Noticed a bag of meat
    12 | D        | Noticed a bag of meat
    12 | D        | Killed a bag of meat
    12 | D        | Reached * piety under Makhleb
    12 | D        | Reached XP level 12. HP: 132/136 MP: 12/12
    13 | D        | Noticed a large bag of meat
    16 | D        | Killed a bag of meat
    16 | D        | Reached XP level 13. HP: 144/148 MP: 13/13
    17 | D        | Noticed a bag of meat
    17 | D        | Noticed a bag of meat
    17 | D        | Killed a bag of meat
    17 | D        | Gained mutation: You resist negative energy. (rN+) [Deep Dwarf growth]
    17 | D        | Reached XP level 14. HP: 155/159 MP: 14/14
    18 | D        | Noticed a meat berserker
    18 | D        | Killed a large bag of meat
    18 | D        | Killed from afar by a large bag of meat

Vault maps used:
D:        meatsprint

Skill      XL: |  1  2  3  4  5  6  7  8  9 10 11 12 13 |
---------------+----------------------------------------+-----
Fighting       | 15 17 18 19 | 19.6
Axes           | 9 11 12 13 | 13.9
Armour         | 17 19 21 22 | 22.5
Shields        | 17 19 20 22 | 22.1

Action                   |  1- 3 |  4- 6 |  7- 9 | 10-12 | 13-15 || total
-------------------------+-------+-------+-------+-------+-------++-------
Melee: Executioner's axe |     1 |       |       |     2 |     2 ||     5
Dodge: Dodged            |     1 |       |       |       |       ||     1
